 Dungeon Crawl Stone Soup version 0.31-a0-4-gefa6de2278 (webtiles) character file.

Game seed: 6545976406456650815

13141 jasper the Cruncher (level 12, -1/80 HPs)
             Began as a Tengu Air Elementalist on May 4, 2023.
             Was a Priest of Vehumet.
             Slain by a polar bear (11 damage)
             ... on level 2 of the Lair of Beasts.
             The game lasted 00:23:45 (16097 turns).

jasper the Cruncher (Tengu Air Elementalist)       Turns: 16097, Time: 00:23:45

Health: -1/80      AC:  7    Str: 10    XL:     12   Next: 2%
Magic:  5/19       EV: 21    Int: 19    God:    Vehumet [***...]
Gold:   604        SH:  0    Dex: 15    Spells: 4/19 levels left

rFire   . . .        D - staff of air
rCold   . . .        (no shield)
rNeg    . . .        V - +0 troll leather armour
rPois   .            (helmet restricted)
rElec   +            C - +1 cloak
rCorr   .            (no gloves)
SInv    .            (boots unavailable)
Will    +....        q - amulet of the acrobat
Stlth   ++           f - +5 ring of evasion
HPRegen 1.13/turn    I - ring of willpower
MPRegen 0.16/turn

%: acrobat
@: flying quickly and evasively, quick
A: beak, talons 3, nimble flight
a: Renounce Religion


You were on level 2 of the Lair of Beasts.
You worshipped Vehumet.
Vehumet was most pleased with you.
You visited 3 branches of the dungeon, and saw 15 of its levels.

You collected 721 gold pieces.
You spent 117 gold pieces at shops.

Inventory:

Hand Weapons
 c - a +0 short sword
 k - a +1 spear of venom
 o - a +5 short sword of venom
 p - a +2 whip of electrocution
 t - the +6 trident of Axohel Etosm {freeze, rElec rF- rCorr Stlth+}
   (You found it on level 4 of the Dungeon)

   rF:        It makes you vulnerable to fire.
   rElec:     It insulates you from electricity.
   rCorr:     It protects you from acid and corrosion.
   Stlth:     It makes you more stealthy.
 v - the +9 arbalest of the Heavens {penet, Fragile rN+ Dex+3}
   (You found it on level 5 of the Dungeon)

   Dex:       It affects your dexterity (+3).
   rN:        It protects you from negative energy.
   Fragile:   It will be destroyed if unequipped.
Missiles
 j - 16 boomerangs
 l - 2 throwing nets
 x - 34 poisoned darts
 T - 4 curare-tipped darts
Armour
 a - a +0 robe
 C - a +1 cloak (worn)
 G - +0 steam dragon scales
 V - a +0 troll leather armour (worn)
Magical Staves
 D - a staff of air (weapon)
Jewellery
 d - an amulet of guardian spirit
 f - a +5 ring of evasion (left hand)
 q - an amulet of the acrobat (around neck)
 y - a +6 ring of strength
 I - a ring of willpower (right hand)
 U - a ring of wizardry
Wands
 F - a wand of paralysis (26)
 H - a wand of acid (7)
 L - a wand of roots (9)
 M - a wand of polymorph (1)
 P - a wand of flame (16)
 R - a wand of mindburst (10)
Scrolls
 g - 8 scrolls of teleportation
 h - 3 scrolls of immolation
 n - 5 scrolls of amnesia
 r - 4 scrolls of magic mapping
 B - a scroll of brand weapon
 E - a scroll of vulnerability
 K - 3 scrolls of fear
 N - a scroll of silence
Potions
 b - a potion of magic
 e - 3 potions of might
 i - a potion of berserk rage
 m - 3 potions of brilliance
 s - 3 potions of ambrosia
 u - a potion of haste
 w - 2 potions of cancellation
 z - 2 potions of curing
 A - 2 potions of attraction
 J - a potion of mutation
 O - a potion of lignification {unknown}
 Q - 2 potions of heal wounds
 S - 2 potions of flight {unknown}


   Skills:
 + Level 11.0 Fighting
 - Level 12.0 Staves
 * Level 4.8 Armour
 - Level 4.6 Dodging
 - Level 2.0 Stealth
 - Level 4.1 Spellcasting
 - Level 4.4 Conjurations
 - Level 1.3 Translocations
 - Level 8.6 Air Magic
 - Level 4.2 Evocations


You had 4 spell levels left.
You knew the following spells:

 Your Spells              Type           Power      Damage    Failure   Level
a - Shock                 Conj/Air       100%       1d9       1%          1
b - Static Discharge      Conj/Air       86%        2-6/arc   1%          2
c - Swiftness             Air            53%        N/A       1%          3
d - Airstrike             Air            26%        2d(4-20)  1%          4
e - Blink                 Tloc           18%        N/A       16%         2
f - Mephitic Cloud        Conj/Pois/Air  30%        N/A       2%          3

Your spell library contained the following spells:

 Spells                   Type           Power      Damage    Failure   Level
 Inner Flame              Hex/Fire       3%         N/A       14%         3
 Magic Dart               Conj           80%        1d7       1%          1
 Cigotuvi's Dreadful Rot  Necr/Pois/Air  44%        N/A       9%          2
 Call Imp                 Summ           6%         N/A       26%         2
 Gell's Gravitas          Tloc           9%         N/A       30%         3
 Teleport Other           Tloc           9%         N/A       30%         3
 Manifold Assault         Tloc           9%         N/A       71%         4
 Dispel Undead            Necr           3%         3d7       87%         4
 Death Channel            Necr           1%         N/A       100%        6
 Dispersal                Tloc           4%         N/A       100%        6
 Storm Form               Tmut/Air       15%        N/A       100%        7


Dungeon Overview and Level Annotations

Branches:
Dungeon (12/15)            Temple (1/1) D:7            Lair (1/5) D:8
    Orc (0/2) D:9

Altars:
Ashenzari
Cheibriados
Elyvilon
Fedhas
Gozag
Hepliaklqana
Makhleb
Qazlal
Vehumet
Wu Jian
Xom
Yredelemnul
Zin

Shops:
D:3 ?

Annotations:
D:9 1 runed translucent door, superbruh's ghost, journeyman MiMo
D:10 Gastronok


Innate Abilities, Weirdness & Mutations

You have a beak for a mouth.
You have claws for feet.
Your magical nature lets you fly swiftly and evasively.


Message History

You resist.
You are struck by an arc of lightning.
The skyshark closely misses you. x2; The skyshark barely misses you.
The polar bear barely misses you.
The polar bear claws you but does no damage.
The polar bear misses you. The skyshark bites you. The skyshark tail-slaps you.
The skyshark tail-slaps you!
* * * LOW HITPOINT WARNING * * *
You take 13 damage, and have 17/80 hp.
You now have 5/19 mp.
Okay, then.
Aiming: Corrosive Bolt
Press: ? - help, Shift-Dir - straight line, f - skyshark
Aim: a skyshark (almost dead, berserk, 81% to hit)
The bolt of acid hits the skyshark!
The skyshark is almost dead.
The polar bear barely misses you. x2
The polar bear claws you but does no damage.
The skyshark bites you!
* * * LOW HITPOINT WARNING * * *
The skyshark completely misses you. x2
You take 12 damage, and have 5/80 hp.
You feel much better. The skyshark misses you.
The skyshark completely misses you. x2; The polar bear closely misses you. x3
The skyshark bites you!!
* * * LOW HITPOINT WARNING * * *
The skyshark tail-slaps you but does no damage.
The skyshark closely misses you.
You regained 4 hp, and now have 9/80 hp.
Hit: D) staff of air
Press: ? - help, Dir - move target, f/p - skyshark
Aim: a skyshark (almost dead, berserk, about 23% to evade your staff of air)
Okay, then.
Aiming: Corrosive Bolt
Press: ? - help, Shift-Dir - straight line, f/p - skyshark
Aim: a skyshark (almost dead, berserk, 81% to hit)
The bolt of acid hits the skyshark!
You kill the skyshark!
Vehumet accepts your kill.
Vehumet is now aiding your destructive spells.
The polar bear bites you!
You die...

#....##.#P.##
#.#..........#
###...†.....##
#.........#
#.........#
#.........#
#.........##
............#
.........@...#
##.P#.P..h†..#
...........##
....#.....##
..........P#
...........#
....#......#
....#.....##
....#......#


You could see a polar bear.

Vanquished Creatures
  Sonja (D:10)
  Nergalle (D:10)
  A skyshark (Lair:2)
  A manticore (D:12)
  A cyclops (D:11)
  Maurice (D:8)
  Joseph (D:7)
  A kobold demonologist (D:11)
  Maggie (D:7)
  A komodo dragon (Lair:2)
  A rime drake (D:8)
  4 trolls (D:11)
  Prince Ribbit (D:7)
  A hornet (D:8)
  6 yaks (D:9)
  Sigmund (D:6)
  A wyvern (D:9)
  A steam dragon (D:9)
  Menkaure (D:6)
  Duvessa (D:6)
  2 water moccasins (Lair:2)
  4 orc warriors
  4 ice beasts
  5 black bears
  3 ogres
  A sky beast (D:7)
  7 wolves
  4 centaurs
  2 phantoms
  6 kobold brigands
  5 bullfrogs
  A necrophage (D:4)
  2 gnoll sergeants
  5 wights (D:9)
  Dowan (D:6)
  29 killer bees
  6 howler monkeys
  7 orc priests
  7 hounds
  2 gnoll boudas
  5 iguanas
  Terence (D:2)
  3 sleepcaps
  9 orc wizards
  A hound skeleton (D:4)
  17 gnolls
  5 adders
  2 white imps (D:5)
  2 ufetubi (D:7)
  5 worms
  2 dart slugs (D:3)
  41 orcs
  7 ball pythons
  8 endoplasms
  4 giant cockroaches
  3 goblins
  13 hobgoblins
  2 jackals (D:4)
  4 quokkas
  4 bats
  3 frilled lizards
  29 kobolds
  7 rats
308 creatures vanquished.

Vanquished Creatures (others)
  An orc wizard (D:12)
1 creature vanquished.

Grand Total: 309 creatures vanquished

Notes
Turn   | Place    | Note
-------+----------+-------------------------------------------
     0 | D:1      | jasper the Tengu Air Elementalist began the quest for the
                  | Orb.
     0 | D:1      | Reached XP level 1. HP: 10/10 MP: 4/4
   138 | D:1      | Reached XP level 2. HP: 15/15 MP: 0/6
   838 | D:1      | Found a faded altar of an unknown god.
  1319 | D:2      | Reached XP level 3. HP: 19/19 MP: 4/7
  1330 | D:2      | Reached skill level 5 in Air Magic
  1576 | D:2      | Learned a level 2 spell: Static Discharge
  1580 | D:2      | Learned a level 3 spell: Swiftness
  1657 | D:2      | Reached XP level 4. HP: 24/24 MP: 3/8
  1924 | D:2      | Noticed Terence
  1933 | D:2      | Killed Terence
  2585 | D:3      | Found The Oracle's Delphic Readings.
  2589 | D:3      | Bought a scroll of teleportation for 39 gold pieces
  2589 | D:3      | Bought a scroll of immolation for 52 gold pieces
  2589 | D:3      | Bought a scroll of identify for 26 gold pieces
  2619 | D:3      | Gained mutation: Your magical nature lets you fly swiftly
                  | and evasively. [Tengu growth]
  2619 | D:3      | Reached XP level 5. HP: 26/28 MP: 5/9
  3247 | D:3      | Found a stormy altar of Qazlal.
  3499 | D:4      | Identified the +6 trident of Axohel Etosm {freeze, rElec
                  | rF- rCorr Stlth+}
  3723 | D:4      | Found a burning altar of Makhleb.
  3730 | D:4      | Reached skill level 1 in Fighting
  3792 | D:4      | Reached XP level 6. HP: 26/34 MP: 0/10
  3915 | D:4      | Noticed a black bear
  3938 | D:4      | Killed a black bear
  4100 | D:4      | Reached XP level 7. HP: 36/40 MP: 0/11
  4114 | D:4      | Learned a level 4 spell: Airstrike
  4668 | D:5      | Entered Level 5 of the Dungeon
  4814 | D:5      | Identified the +9 arbalest of the Heavens {penet, Fragile
                  | rN+ Dex+3}
  5232 | D:5      | Reached XP level 8. HP: 48/48 MP: 1/15
  5597 | D:5      | Reached skill level 5 in Fighting
  6683 | D:6      | Reached skill level 1 in Evocations
  6940 | D:6      | Reached XP level 9. HP: 52/55 MP: 12/16
  6974 | D:6      | Noticed Dowan
  7004 | D:6      | Killed Dowan
  7004 | D:6      | Noticed Duvessa
  7020 | D:6      | Killed Duvessa
  7024 | D:6      | Noticed Sigmund
  7310 | D:6      | Reached skill level 1 in Staves
  7316 | D:6      | Killed Sigmund
  7317 | D:6      | Reached skill level 2 in Staves
  7478 | D:6      | Found an opulent altar of Gozag.
  7487 | D:6      | Found a white marble altar of Elyvilon.
  7515 | D:6      | Reached skill level 3 in Staves
  7640 | D:6      | Found a blossoming altar of Fedhas.
  7677 | D:6      | Noticed Menkaure
  7680 | D:6      | Killed Menkaure
  7920 | D:6      | Reached skill level 4 in Staves
  8092 | D:6      | Noticed a komodo dragon
  8116 | D:6      | Noticed a gargoyle
  8244 | D:7      | Noticed Joseph
  8326 | D:7      | Noticed Prince Ribbit
  8329 | D:7      | Killed Joseph
  8330 | D:7      | Reached skill level 5 in Staves
  8372 | D:7      | Killed Prince Ribbit
  8373 | D:7      | Reached skill level 6 in Staves
  8373 | D:7      | Reached XP level 10. HP: 46/64 MP: 0/17
  8562 | D:7      | Noticed Maggie
  8578 | D:7      | Killed Maggie
  8593 | D:7      | Reached skill level 7 in Staves
  9339 | D:7      | Learned a level 2 spell: Blink
  9448 | D:7      | Found a staircase to the Ecumenical Temple.
  9457 | Temple   | Entered the Ecumenical Temple
  9471 | Temple   | Became a worshipper of Vehumet
  9673 | D:8      | Reached skill level 1 in Translocations
  9681 | D:8      | Learned a level 3 spell: Mephitic Cloud
 10097 | D:8      | Reached skill level 8 in Staves
 10807 | D:8      | Noticed Maurice
 10834 | D:8      | Killed Maurice
 10834 | D:8      | Reached * piety under Vehumet
 10834 | D:8      | Offered knowledge of Sandblast by Vehumet.
 10835 | D:8      | Reached skill level 9 in Staves
 11201 | D:8      | Found a staircase to the Lair.
 11438 | D:9      | Found a runed translucent door.
 11440 | D:9      | Noticed superbruh's ghost (journeyman MiMo)
 11470 | D:9      | Reached XP level 11. HP: 57/71 MP: 1/18
 11594 | D:9      | Found a hazy altar of Hepliaklqana.
 11923 | D:9      | Reached skill level 10 in Staves
 12103 | D:9      | Found a staircase to the Orcish Mines.
 12276 | D:9      | Offered knowledge of Poisonous Vapours by Vehumet.
 12744 | D:9      | Reached skill level 11 in Staves
 13041 | D:10     | Entered Level 10 of the Dungeon
 13050 | D:10     | Found a glowing silver altar of Zin.
 13120 | D:10     | Noticed Sonja
 13121 | D:10     | Killed Sonja
 13121 | D:10     | Reached ** piety under Vehumet
 13124 | D:10     | Reached skill level 10 in Fighting
 13133 | D:10     | Noticed Nergalle
 13419 | D:10     | Killed Nergalle
 13942 | D:10     | Noticed Gastronok
 14428 | D:11     | Noticed a cyclops
 14435 | D:11     | Killed a cyclops
 14751 | D:11     | Reached skill level 12 in Staves
 15060 | D:11     | Reached skill level 1 in Armour
 15665 | D:12     | Noticed a manticore
 15674 | D:12     | Killed a manticore
 15795 | Lair:1   | Entered Level 1 of the Lair of Beasts
 15795 | Lair:1   | You are sucked into a shaft and drop 1 floor!
 15813 | Lair:2   | Offered knowledge of Inner Flame by Vehumet.
 15946 | Lair:2   | Reached XP level 12. HP: 79/79 MP: 1/19
 16074 | Lair:2   | Noticed a skyshark
 16097 | Lair:2   | Killed a skyshark
 16097 | Lair:2   | Reached *** piety under Vehumet
 16097 | Lair:2   | Slain by a polar bear

Illustrated notes

Levels and vault maps discovered:
D:1:      minmay_arrival_doors, layout_basic,
          shapermc_ecumenical_altar_notcrosses, st_stairs_11,
          supply_closet_lemuel
D:2:      layout_basic, minmay_guardbox, uniq_terence
D:3:      layout_loops_ring, mainiacjoe_overflow_surrounded_room,
          nicolae_nh_oracle_at_delphi
D:4:      layout_cave_pods, makhleb_blood_cavern_becter
D:5:      cheibrodos_thug_alley, layout_layer_cave, minmay_chambers_of_fives
D:6:      hellmonk_ruined_rings, layout_basic, mainiacjoe_overflow_swirl,
          fedhas_altar_4, portal_sewer_entry_e, kb_rosetta, uniq_sigmund,
          uniq_duvessa, uniq_menkaure
D:7:      layout_cave_pools, lemuel_temple_firewalk_b, grunt_ministairs_3,
          uniq_maggie, uniq_prince_ribbit1, uniq_joseph
D:8:      layout_cave_pools, hellmonk_lair_entry_icy, nicolae_titane,
          uniq_maurice
D:9:      layout_loops_ring, mainiacjoe_overflow_catwalk, david_orc_3,
          gammafunk_ghost_grave
D:10:     layout_stronghold, mainiacjoe_overflow_small_starburst, uniq_sonja,
          uniq_gastronok, uniq_nergalle
D:11:     layout_roguey
D:12:     layout_loops_cross, nicolae_trove_entry_path_of_doom
Temple:   hellmonk_temple_of_storms
Lair:1:   layout_small_grid
Lair:2:   layout_chaotic_city, minmay_shoals_entry_hut, beast_lair_carwin_1

Skill      XL: |  1  2  3  4  5  6  7  8  9 10 11 12 |
---------------+-------------------------------------+-----
Conjurations   | 2 3 4 |  4.4
Air Magic      | 5 7 8 |  8.6
Fighting       | 1 2 4 6 7 9 10 11 | 11.0
Spellcasting   | 4 |  4.1
Dodging        | 4 |  4.6
Evocations     | 2 4 |  4.2
Staves         | 6 9 12 | 12.0
Translocations | 1 |  1.3
Armour         | 4 |  4.8
Stealth        | |  2.0

Action                     |  1- 3 |  4- 6 |  7- 9 | 10-12 || total
---------------------------+-------+-------+-------+-------++-------
  Melee: Unarmed           |     3 |       |       |       ||     3
         Short sword       |     3 |    20 |    57 |       ||    80
         Peck              |     1 |     5 |    12 |    15 ||    33
         Punch             |       |     1 |     2 |       ||     3
         Kick              |       |     5 |    24 |    14 ||    43
         Staff             |       |       |    19 |    70 ||    89
  Throw: Dart              |       |       |     3 |       ||     3
   Cast: Shock             |    55 |   111 |   141 |   215 ||   522
         Airstrike         |       |       |    30 |    78 ||   108
         Static Discharge  |       |       |     2 |    43 ||    45
         Swiftness         |       |       |     1 |       ||     1
  Evoke: Wand              |       |       |     5 |     4 ||     9
    Use: Potion            |     1 |     2 |     1 |     1 ||     5
         Scroll            |       |     7 |     5 |     6 ||    18
   Stab: Paralysed         |       |       |       |     2 ||     2
 Armour: Robe              |     2 |     4 |    11 |     2 ||    19
         Steam dragon scal |       |       |       |    23 ||    23
         Troll leather arm |       |       |       |    10 ||    10
  Dodge: Dodged            |    12 |    44 |   124 |   279 ||   459

Table legend: (Time is in decaauts)
 A = Elapsed time spent in this place.
 B = Non-inter-level travel time spent in this place.
 C = Inter-level travel time spent in this place.
 D = Time resting spent in this place.
 E = Time spent auto-exploring this place.
 F = Levels seen in this place.
 G = Mean time per level.
                   A        B        C        D        E       F      G
               +--------+--------+--------+--------+--------+-----+--------+
         Total |  15465 |  14943 |    522 |   2005 |  11194 |  15 | 1031.0 |
       Dungeon |  15159 |  14641 |    518 |   1895 |  11060 |  12 | 1263.2 |
        Temple |     18 |     15 |      3 |      0 |      8 |   1 |   18.0 |
          Lair |    287 |    287 |      0 |    110 |    125 |   2 |  143.5 |
               +--------+--------+--------+--------+--------+-----+--------+

Top non-repeatable levels by time:
     D:5: 1940 daAuts
     D:9: 1899 daAuts
     D:7: 1715 daAuts
     D:6: 1520 daAuts
     D:1: 1272 daAuts
     D:8: 1215 daAuts
     D:2: 1196 daAuts
     D:4: 1125 daAuts
    D:11: 1102 daAuts
    D:10: 1085 daAuts
     D:3: 950 daAuts
  Lair:2: 287 daAuts
    D:12: 135 daAuts
  Temple: 18 daAuts
